 Dungeon Crawl Stone Soup version 0.25-a0-940-gc6eaff5 (webtiles) character file.

Game seed: 16867965475641908073, levelgen mode: deterministic

30 TheOrbIsALie the Shooter (level 3, -1/29 HPs)
             Began as a Centaur Hunter on May 5, 2020.
             Slain by an adder (2 damage)
             ... on level 2 of the Dungeon.
             The game lasted 00:01:53 (777 turns).

TheOrbIsALie the Shooter (Centaur Hunter)            Turns: 777, Time: 00:01:54

Health: -1/29      AC:  4    Str: 14    XL:     3   Next: 5%
Magic:  3/3        EV:  9    Int: 10    God:
Gold:   32         SH:  0    Dex: 10    Spells: 2/2 levels left

rFire    . . .     SeeInvis .   a - +1 shortbow
rCold    . . .     Gourm    .   (shield currently unavailable)
rNeg     . . .     Faith    .   c - +0 leather armour
rPois    .         Spirit   .   (no helmet)
rElec    .         Reflect  .   (no cloak)
rCorr    .         Harm     .   (no gloves)
MR       .....                  (no barding)
Stlth    +.........             (no amulet)
HPRegen  0.09/turn              (no ring)
MPRegen  0.08/turn              (no ring)

@: brilliant, very quick
A: large, hooves 3, deformed body, speed 2, tough skin 3
a: no special abilities


You were on level 2 of the Dungeon.
You were not hungry.

You visited 1 branch of the dungeon, and saw 2 of its levels.

You collected 32 gold pieces.

Inventory:

Hand Weapons
 a - a +1 shortbow (weapon)
 b - a +0 short sword
Missiles
 d - 61 arrows (quivered)
Armour
 c - a +0 leather armour (worn)
 h - a +0 chain mail
 j - a cursed +0 cloak
Scrolls
 g - a scroll of teleportation {unknown}
 i - a scroll of fear {unknown}
 k - a scroll of random uselessness {unknown}
 m - 2 scrolls of remove curse {unknown}
 n - a scroll of magic mapping {unknown}
Potions
 l - a potion of stabbing {unknown}
Comestibles
 f - 4 rations


   Skills:
 - Level 2.0 Fighting
 + Level 6.6 Bows
 - Level 1.3 Dodging
 - Level 0.4 Stealth


You had 2 spell levels left.
You didn't know any spells.
Your spell library was empty.

Dungeon Overview and Level Annotations

Branches:
Dungeon (2/15)

Altars:
Xom


Innate Abilities, Weirdness & Mutations

You have hooves in place of feet.
Armour fits poorly on your strangely shaped body.
You cover ground very quickly.
You have extremely tough skin. (AC +3)


Message History

Firing (i - inventory)
d - 64 arrows (quivered)
Press: ? - help, Shift-Dir - straight line, f/p - adder
Aim: an adder (heavily wounded)
You shoot an arrow. The arrow closely misses the adder.
The adder bites you but does no damage. The adder bites you.
* * * LOW HITPOINT WARNING * * *
Firing (i - inventory)
d - 63 arrows (quivered)
Press: ? - help, Shift-Dir - straight line, f/p - adder
Aim: an adder (heavily wounded)
You shoot an arrow. The arrow misses the adder.
The adder bites you but does no damage.
Firing (i - inventory)
d - 62 arrows (quivered)
Press: ? - help, Shift-Dir - straight line, f/p - adder
Aim: an adder (heavily wounded)
You shoot an arrow. The arrow closely misses the adder.
The adder bites you.
* * * LOW HITPOINT WARNING * * *
It was a potion of brilliance.
You feel clever all of a sudden. The adder bites you.
You die...

#.# #.#.....# #(#
#.##...## ##(## #.###..#
##.(.## #.....<# #.....#
#####.## #.######...##
#.#
#.....)...############.#
########..#............#
#.@..############ ##S###
#.# #(# #(# #.# #(# .(.
#.#


You could see an adder.

Vanquished Creatures
  A worm (D:2)
  2 dart slugs (D:1)
  A ball python (D:1)
  A bat zombie (D:1)
  A giant cockroach (D:1)
  3 goblins
  2 hobgoblins (D:2)
  2 jackals (D:1)
  A kobold (D:1)
  3 bats
  2 frilled lizards (D:1)
  A quokka zombie (D:1)
  2 rats
22 creatures vanquished.

Notes
Turn   | Place    | Note
-------+----------+-------------------------------------------
     0 | D:1      | TheOrbIsALie the Centaur Hunter began the quest for the
                  | Orb.
     0 | D:1      | Reached XP level 1. HP: 17/17 MP: 1/1
   148 | D:1      | Reached XP level 2. HP: 24/24 MP: 2/2
   177 | D:1      | Reached skill level 6 in Bows
   554 | D:2      | Found a shimmering altar of Xom.
   758 | D:2      | Reached XP level 3. HP: 7/29 MP: 3/3
   776 | D:2      | HP: 1/29 [adder (4)]
   777 | D:2      | Slain by an adder

Levels and vault maps discovered:
D:1:      saegor_arrival_fortress, layout_rooms, minmay_split_cup_small
D:2:      layout_loops_corners, overflow_temple_1_default,
          chequers_ecumenical_altar_simple_redux

Skill      XL: |  1  2 |
---------------+-------+-----
Bows           | 6 |  6.6
Fighting       | |  2.0
Dodging        | |  1.3
Stealth        | |  0.4

Action                   || total
-------------------------++-------
 Fire: Shortbow          ||    85
  Use: Potion            ||     1
Armor: Leather armour    ||    20
Dodge: Dodged            ||    19

Table legend:
 A = Non-vault XP
 B = Vault XP
 C = Vault XP percentage of total XP
 D = Non-vault monster count
 E = Vault monster count
 F = Vault count percentage of total count
                 A         B        C        D         E       F
            +---------+---------+-------+---------+---------+-------
      Total |      33 |      11 |  25.0 |      17 |       5 |  22.7
            +---------+---------+-------+---------+---------+-------
        D:1 |      18 |      11 |  37.9 |      10 |       5 |  33.3
        D:2 |      15 |       0 |   0.0 |       7 |       0 |   0.0
            +---------+---------+-------+---------+---------+-------
